 Dungeon Crawl Stone Soup version 0.26-a0-597-gb535b0901c (webtiles) character file.

Game seed: 831684495169855359

2087 Apogee the Slinger (level 9, -7/61 HPs)
             Began as a Halfling Hunter on Sept 15, 2020.
             Was a Believer of Okawaru.
             Killed by nerve-wracking pain
             ... invoked by an orc priest
              (12 damage)
             ... on level 7 of the Dungeon.
             The game lasted 00:15:21 (8131 turns).

Apogee the Slinger (Halfling Hunter)                Turns: 8131, Time: 00:15:21

Health: -7/61      AC: 10    Str: 15    XL:     9   Next: 51%
Magic:  10/10      EV: 19    Int: 10    God:    Okawaru [**....]
Gold:   386        SH:  0    Dex: 15    Spells: 8/8 levels left

rFire    . . .     SeeInvis .   a - +1 hunting sling
rCold    . . .     Faith    .   (shield restricted)
rNeg     . . .     Spirit   .   K - +1 steam dragon scales
rPois    .         Reflect  .   y - +0 helmet
rElec    .         Harm     .   r - +0 cloak
rCorr    .                      k - +1 pair of gloves
MR       .....                  (no boots)
Stlth    ++........             (no amulet)
HPRegen  0.20/turn              (no ring)
MPRegen  0.12/turn              (no ring)

@: no status effects
A: small, mutation resistance 1
a: Heroism, Renounce Religion


You were on level 7 of the Dungeon.
You worshipped Okawaru.
Okawaru was pleased with you.
You visited 2 branches of the dungeon, and saw 8 of its levels.

You collected 386 gold pieces.

Inventory:

Hand Weapons
 a - a +1 hunting sling (weapon)
 b - a +0 short sword
Missiles
 d - a sling bullet (quivered)
 g - 39 stones
 u - 8 poisoned darts
Armour
 c - a +0 leather armour
 k - a +1 pair of gloves (worn)
   (You found it on level 1 of the Dungeon)
 r - a +0 cloak (worn)
   (You found it on level 2 of the Dungeon)
 w - a +0 helmet
   (You found it on level 3 of the Dungeon)
 y - a +0 helmet (worn)
   (You found it on level 4 of the Dungeon)
 F - a +0 ring mail
   (You found it on level 6 of the Dungeon)
 H - a +0 kite shield
   (You found it on level 3 of the Dungeon)
 K - +1 steam dragon scales (worn)
   (You took it off Maggie on level 7 of the Dungeon)
Jewellery
 x - a +4 ring of evasion {unknown}
   (You found it on level 3 of the Dungeon)
 z - an uncursed amulet of faith {unknown}
   (You found it on level 4 of the Dungeon)
 E - an uncursed ring of ice {unknown}
   (You found it on level 6 of the Dungeon)
 L - an uncursed ring of see invisible {unknown}
   (You found it on level 7 of the Dungeon)
Wands
 t - a wand of flame (16)
   (You took it off an orc on level 6 of the Dungeon)
 M - a wand of enslavement (11)
   (You found it on level 7 of the Dungeon)
Scrolls
 e - 4 scrolls of remove curse {unknown}
 f - 2 scrolls of fog {unknown}
 h - 10 scrolls of identify {unknown}
 i - 3 scrolls of enchant armour {unknown}
 j - 3 scrolls of amnesia {unknown}
 m - 3 scrolls of random uselessness {unknown}
 p - 2 scrolls of blinking {unknown}
 q - 5 scrolls of teleportation {@r4}
 C - 3 scrolls of magic mapping {unknown}
 D - 2 scrolls of enchant weapon {unknown}
 G - a scroll of immolation {unknown}
Potions
 l - 6 potions of curing {unknown}
 n - a potion of haste {unknown}
 o - 2 potions of flight {unknown}
 s - 2 potions of might {unknown}
 v - a potion of resistance {unknown}
 A - 2 potions of lignification {unknown}
 B - a potion of invisibility {unknown}
 I - a potion of heal wounds {unknown}
 J - a potion of degeneration {unknown}


   Skills:
 + Level 5.5 Fighting
 - Level 12.0 Slings
 + Level 7.0 Dodging
 - Level 3.0 Stealth
 + Level 1.7 Shields
 + Level 1.7 Invocations


You had 8 spell levels left.
You didn't know any spells.
Your spell library was empty.

Dungeon Overview and Level Annotations

Branches:
Dungeon (7/15)             Temple (1/1) D:5

Altars:
Cheibriados
Dithmenos
Elyvilon
Fedhas
Gozag
Hepliaklqana
Kikubaaqudgha
Makhleb
Okawaru
Ru
Uskayaw
Vehumet
Wu Jian
Xom
Yredelemnul
Zin

Annotations:
D:3 2 transporters, Lanoc's ghost, amateur HaDe
D:5 exclusion: door


Innate Abilities, Weirdness & Mutations

You are small and have problems with some larger weapons.
You are somewhat resistant to further mutation.


Message History

Aim: an orc priest, wielding a +0 hand axe You shoot a sling bullet.
The sling bullet hits the orc priest.
Firing (i - inventory. (/) - cycle)
d - 6 sling bullets (quivered)
Aim: an orc priest, wielding a +0 hand axe (moderately wounded)
You shoot a sling bullet.
The sling bullet barely misses the orc priest.
Firing (i - inventory. (/) - cycle)
d - 5 sling bullets (quivered)
Aim: an orc priest, wielding a +0 hand axe (moderately wounded)
You shoot a sling bullet.
The sling bullet barely misses the orc priest.
Firing (i - inventory. (/) - cycle)
d - 4 sling bullets (quivered)
Aim: an orc priest, wielding a +0 hand axe (moderately wounded)
You shoot a sling bullet. The sling bullet hits the orc priest.
Firing (i - inventory. (/) - cycle)
d - 3 sling bullets (quivered)
Aim: an orc priest, wielding a +0 hand axe (moderately wounded)
You shoot a sling bullet. The sling bullet hits the orc priest.
An orc comes into view.
b - a +0 short sword (weapon)
The orc shouts!
You hit the orc priest.
The orc priest mumbles some strange prayers to Beogh against you.
Beogh smites you!
You hit the orc priest.
The orc priest mumbles some strange prayers to Beogh against you.
Pain shoots through your body!
You closely miss the orc priest. The orc priest completely misses you.
You closely miss the orc priest.
The orc priest hits you but does no damage.
You hit the orc priest but do no damage.
The orc priest calls down the wrath of Beogh upon you.
Beogh smites you!
* * * LOW HITPOINT WARNING * * *
The orc completely misses you.
You barely miss the orc priest.
The orc priest mumbles some strange prayers to Beogh against you.
Beogh smites you!
* * * LOW HITPOINT WARNING * * *
The orc misses you.
a - a +1 hunting sling (weapon)
The orc priest mumbles some strange prayers to Beogh against you.
Beogh smites you!
* * * LOW HITPOINT WARNING * * *
The orc barely misses you.
Firing (i - inventory. (/) - cycle)
d - 2 sling bullets (quivered)
Aim: an orc priest, wielding a +0 hand axe (almost dead)
You shoot a sling bullet.
The sling bullet barely misses the orc priest.
The orc priest calls down the wrath of Beogh upon you.
Pain shoots through your body!
You die...

#.......# ###(.(.(..#
oo(.(.(...# #((..#
#....# .# #.(..# .#
#.(..########.####
#.oo.............#
###.@..####........#
#.........#........#.
#....................
#....................
#....................
#....................
#...................[
#."..................
#....................


You could see an orc priest and an orc.

Vanquished Creatures
  Maggie (D:7)
  Prince Ribbit (D:5)
  A slime creature (D:6)
  An orc warrior (D:6)
  An ice beast (D:5)
  A sky beast (D:6)
  A bullfrog (D:5)
  A scorpion (D:6)
  2 howler monkeys (D:5)
  4 jellies (D:6)
  3 hounds
  2 centaur skeletons (D:6)
  A centaur zombie (D:5)
  2 orc priests (D:7)
  2 orc wizards (D:5)
  An iguana (D:6)
  Terence (D:3)
  5 worker ants
  A killer bee zombie (D:5)
  A gnoll (D:1)
  A howler monkey skeleton (D:4)
  10 adders
  3 white imps
  16 oozes
  An adder zombie (D:6)
  4 adder skeletons
  2 worms
  A dart slug (D:1)
  2 leopard geckos (D:3)
  21 orcs
  2 ball pythons
  3 giant cockroaches
  8 goblins
  10 hobgoblins
  4 jackals (D:5)
  6 quokkas
  A ball python skeleton (D:5)
  A ball python zombie (D:5)
  5 bats
  4 frilled lizards
  5 kobolds
  2 leopard gecko skeletons
  A leopard gecko zombie (D:7)
  11 rats
157 creatures vanquished.

Vanquished Creatures (others)
  8 fungi (D:6)
8 creatures vanquished.

Grand Total: 165 creatures vanquished

Notes
Turn   | Place    | Note
-------+----------+-------------------------------------------
     0 | D:1      | Apogee the Halfling Hunter began the quest for the Orb.
     0 | D:1      | Reached XP level 1. HP: 14/14 MP: 1/1
    65 | D:1      | Reached skill level 6 in Slings
   217 | D:1      | Reached XP level 2. HP: 4/19 MP: 2/2
   525 | D:1      | Reached XP level 3. HP: 23/24 MP: 3/3
  1218 | D:2      | Found a hide-covered altar of Uskayaw.
  1351 | D:2      | Reached XP level 4. HP: 29/29 MP: 4/4
  1633 | D:2      | Reached skill level 7 in Slings
  2109 | D:3      | Found a transporter.
  2131 | D:3      | Reached XP level 5. HP: 31/35 MP: 5/5
  2414 | D:3      | Found a transporter.
  2414 | D:3      | Noticed Lanoc's ghost (amateur HaDe)
  2443 | D:3      | Noticed Terence
  2492 | D:3      | Killed Terence
  2862 | D:3      | Found a shimmering altar of Xom.
  3552 | D:4      | Reached XP level 6. HP: 41/41 MP: 6/6
  3791 | D:5      | Entered Level 5 of the Dungeon
  3989 | D:5      | Reached skill level 8 in Slings
  4222 | D:5      | Noticed an ice beast
  4239 | D:5      | Killed an ice beast
  4326 | D:5      | Reached XP level 7. HP: 46/46 MP: 7/7
  4359 | D:5      | Noticed Prince Ribbit
  4375 | D:5      | Killed Prince Ribbit
  4375 | D:5      | Reached skill level 9 in Slings
  4985 | D:5      | Reached XP level 8. HP: 54/54 MP: 8/8
  5175 | D:5      | Reached skill level 10 in Slings
  5441 | D:5      | Found a staircase to the Ecumenical Temple.
  5527 | Temple   | Entered the Ecumenical Temple
  5630 | Temple   | Became a worshipper of Warmaster Okawaru
  6107 | D:5      | Reached skill level 5 in Dodging
  6801 | D:6      | Reached skill level 11 in Slings
  6959 | D:6      | Noticed a slime creature
  7056 | D:6      | Reached * piety under Okawaru
  7229 | D:6      | Reached XP level 9. HP: 60/60 MP: 9/9
  7473 | D:6      | Reached skill level 5 in Fighting
  7571 | D:6      | Killed a slime creature
  7571 | D:6      | Reached skill level 12 in Slings
  7856 | D:7      | Noticed Maggie
  7886 | D:7      | Killed Maggie
  7886 | D:7      | Reached skill level 1 in Shields
  7886 | D:7      | Reached skill level 1 in Invocations
  8117 | D:7      | Reached ** piety under Okawaru
  8131 | D:7      | Killed from afar by an orc priest

Illustrated notes

Levels and vault maps discovered:
D:1:      dpeg_arrival_court, layout_basic, chequers_serial_rivers_micro_c
D:2:      minmay_door_path, layout_loops_ring, nicolae_overflow_crystal_walls
D:3:      layout_basic, gammafunk_ghost_arena, tgw_xom, uniq_terence
D:4:      cheibrodos_old_hovel, layout_loops_ring
D:5:      layout_gridville, temple_doors_e, uniq_prince_ribbit1
D:6:      lemuel_slime, layout_basic
D:7:      layout_basic, uniq_maggie
Temple:   kilobyte_greek_temple

Skill      XL: |  1  2  3  4  5  6  7  8  9 |
---------------+----------------------------+-----
Slings         | 6 7 8 9 11 12 | 12.0
Fighting       | 2 3 4 5 |  5.5
Stealth        | 2 3 |  3.0
Dodging        | 3 4 5 7 |  7.0
Shields        | 1 |  1.7
Invocations    | 1 |  1.7

Action                   |  1- 3 |  4- 6 |  7- 9 || total
-------------------------+-------+-------+-------++-------
Melee: Short sword       |    40 |    55 |    93 ||   188
 Fire: Hunting sling     |    67 |   191 |   418 ||   676
Throw: Dart              |       |     5 |       ||     5
  Use: Scroll            |       |       |     1 ||     1
Armor: Leather armour    |     9 |    24 |    36 ||    69
       Ring mail         |       |       |    19 ||    19
       Steam dragon scal |       |       |     3 ||     3
Dodge: Dodged            |    28 |   102 |   209 ||   339

Table legend: (Time is in decaauts)
 A = Elapsed time spent in this place.
 B = Non-inter-level travel time spent in this place.
 C = Inter-level travel time spent in this place.
 D = Time resting spent in this place.
 E = Time spent auto-exploring this place.
 F = Levels seen in this place.
 G = Mean time per level.
                   A        B        C        D        E       F      G
               +--------+--------+--------+--------+--------+-----+--------+
         Total |   7960 |   7557 |    403 |    675 |   5079 |   8 |  995.0 |
       Dungeon |   7824 |   7452 |    372 |    675 |   4982 |   7 | 1117.7 |
        Temple |    135 |    104 |     31 |      0 |     97 |   1 |  135.0 |
               +--------+--------+--------+--------+--------+-----+--------+

Top non-repeatable levels by time:
     D:5: 2050 daAuts
     D:6: 1582 daAuts
     D:1: 1161 daAuts
     D:3: 1058 daAuts
     D:2: 883 daAuts
     D:4: 831 daAuts
     D:7: 258 daAuts
  Temple: 135 daAuts
